 Dungeon Crawl Stone Soup version 0.32-a0-468-g38b2580584 (webtiles) character file.

Game seed: 6667111222429294862

4922 anacleto the Geomancer (level 10, -15/50 HPs)
             Began as a Deep Elf Earth Elementalist on Feb 24, 2024.
             Was an Initiate of Vehumet.
             Demolished by an orc warrior
             ... wielding a +0 halberd
              (18 damage)
             ... on level 9 of the Dungeon.
             The game lasted 00:32:54 (9638 turns).

anacleto the Geomancer (DEEE)                       Turns: 9638, Time: 00:32:54

Health: -15/50     AC:  7    Str: 13    XL:     10   Next: 27%
Magic:  15/17      EV: 13    Int: 31    God:    Vehumet [......]
Gold:   671        SH:  0    Dex: 15    Spells: 4/16 levels left

rFire   + . .        c - staff of conjuration
rCold   x . .        (no shield)
rNeg    . . .        a - +0 robe
rPois   +            M - +0 helmet
rElec   .            l - +2 cloak
rCorr   .            (no gloves)
SInv    .            r - +0 pair of boots
Will    ++...        (no amulet)
Stlth   ++           A - ring of Ryischih {Fire +Blink rPois Will+ Str+4}
HPRegen 0.28/turn    j - ring of Fihaheder {Str+4 Int+6}
MPRegen 0.15/turn

%: no passive effects
@: no status effects
A: no striking features
a: Renounce Religion, Evoke Blink


You were on level 9 of the Dungeon.
You worshipped Vehumet.
Vehumet was noncommittal.
You visited 2 branches of the dungeon, and saw 10 of its levels.
You also visited: Ossuary.

You collected 671 gold pieces.

Inventory:

Armour
 a - a +0 robe (worn)
 l - a +2 cloak (worn)
 r - a +0 pair of boots (worn)
 M - a +0 helmet (worn)
Magical Staves
 c - a staff of conjuration (weapon)
Jewellery
 h - a ring of protection from fire
 j - the ring of Fihaheder (right hand) {Str+4 Int+6}
   (You acquired it on level 5 of the Dungeon)

   [ring of intelligence]

   Str+4:     It affects your strength (+4).
   Int+6:     It affects your intelligence (+6).
 A - the ring of Ryischih (left hand) {Fire +Blink rPois Will+ Str+4}
   (You acquired it on level 5 of the Dungeon)

   [ring of fire]

   Fire:      It enhances your fire magic.
   Str+4:     It affects your strength (+4).
   rF+:       It protects you from fire.
   rC-:       It makes you vulnerable to cold.
   rPois:     It protects you from poison Will+: It increases your willpower.
   +Blink:    It lets you blink.
 I - a ring of willpower
 K - a ring of poison resistance
Wands
 v - a wand of polymorph (8)
 y - a wand of light (14)
 N - a wand of iceblast (2)
Scrolls
 d - a scroll of silence
 e - 5 scrolls of fog
 i - a scroll of enchant armour {unknown}
 k - a scroll of revelation {unknown}
 o - a scroll of brand weapon {unknown}
 p - 2 scrolls of torment
 q - a scroll of enchant weapon {unknown}
 s - a scroll of immolation
 t - a scroll of noise {unknown}
 z - a scroll of summoning {unknown}
 E - 3 scrolls of identify
 F - 2 scrolls of vulnerability {unknown}
 H - a scroll of amnesia {unknown}
 J - a scroll of blinking {unknown}
Potions
 b - a potion of magic
 f - 2 potions of ambrosia {unknown}
 g - 2 potions of heal wounds
 m - 2 potions of mutation {unknown}
 u - 9 potions of curing {unknown}
 w - 2 potions of degeneration {unknown}
 x - 5 potions of brilliance {unknown}
 B - a potion of lignification {unknown}
 C - a potion of invisibility {unknown}
 D - 2 potions of resistance {unknown}
 G - a potion of enlightenment {unknown}
 L - a potion of berserk rage {unknown}


   Skills:
 - Level 3.1 Dodging
 - Level 3.2 Stealth
 - Level 3.8 Spellcasting
 + Level 8.6 Conjurations
 + Level 6.3 Fire Magic
 + Level 9.3 Earth Magic
 + Level 6.2 Alchemy
 + Level 5.7 Evocations


You had 4 spell levels left.
You knew the following spells:

 Your Spells              Type           Power      Damage    Failure   Level
a - Sandblast             Erth           100%       2d20      1%          1
b - Stone Arrow           Conj/Erth      100%       3d13      1%          3
c - Brom's Barrelling Bo  Conj/Erth      75%        2d9       1%          4
d - Petrify               Alch/Erth      52%        N/A       2%          4

Your spell library contained the following spells:

 Spells                   Type           Power      Damage    Failure   Level
 Foxfire                  Conj/Fire      100%       2x1d9     1%          1
 Passwall                 Erth           59%        N/A       1%          3
 Manifold Assault         Tloc           5%         N/A       52%         4
 Starburst                Conj/Fire      43%        6d12      41%         6
 Eringya's Noxious Bog    Alch           22%        4d6       58%         6
 Summon Forest            Summ/Tloc      2%         N/A       86%         5
 Plasma Beam              Fire/Air       19%        2x1d30    95%         6
 Dispersal                Tloc           2%         N/A       100%        6
 Summon Hydra             Summ           2%         N/A       100%        7
 Disjunction              Tloc           2%         N/A       100%        8


Dungeon Overview and Level Annotations

Branches:
Dungeon (9/15)             Temple (1/1) D:7         Ossuary (visited)
   Lair: D:8-11         Orc: D:9-12

Altars:
Cheibriados
Dithmenos
Elyvilon
Fedhas
Gozag
Hepliaklqana
Kikubaaqudgha
Makhleb
Nemelex Xobeh
Okawaru
Qazlal
Ru
Trog
Uskayaw
Vehumet
Wu Jian
Xom
Yredelemnul
Zin
The Shining One
Jiyva

Shops:
D:6 :

Annotations:
D:3 1 runed translucent door, Crazy Yiuf
D:5 2 transporters, Splishie's ghost, amateur DrSh
D:7 2 transporters, Juicyj's ghost, novice MiFi


Message History

Items here: )) [ ††.
Okay, then.
You see here a +0 sling.
There is an open door here.
An orc warrior comes into view. It is wielding a +0 halberd.
An orc warrior opens the door.
An orc priest comes into view. It is wielding a +0 club.
Casting: Sandblast (safe; 1% risk of failure)
Confirm with . or Enter, or press ? or * to list all spells.
Aiming: Brom's Barrelling Boulder (dangerous; 1% risk of failure)
Press: ? - help, Dir - move target, f - orc priest
Aim: an orc priest, wielding a +0 club (wandering, hasn't noticed you, 100% to hit)
You feel a surge of power!
You send a boulder barrelling forward!
The orc warrior shouts!
The orc priest begins to cast a cantrip, but forgets the words!
The orc throws an atropa-tipped dart.
The atropa-tipped dart misses you.
The boulder barrels into the orc priest!
The orc priest is heavily wounded.
The orc priest is knocked back.
The boulder barrels into the orc priest!
You kill the orc priest!
Vehumet accepts your kill.
The orc warrior hits you from afar with a +0 halberd!
The orc throws an atropa-tipped dart.
The atropa-tipped dart hits you.
You are confused.
Unknown command.
You feel less confused. The orc warrior barely misses you.
The orc warrior hits you from afar with a +0 halberd!
The orc warrior attacks as it pursues you!
The orc warrior hits you from afar with a +0 halberd!!
* * * LOW HITPOINT WARNING * * *
The orc warrior attacks as it pursues you!
The orc warrior hits you from afar with a +0 halberd.
* * * LOW HITPOINT WARNING * * *
Unknown command.
The orc warrior barely misses you.
The orc warrior attacks as it pursues you!
The orc warrior hits you from afar with a +0 halberd!!
You die...

#################################
.................................
..#....##...<..#..#.....#..#..#..
.......##...#..#..#..#..#.....#..
.......##.......).............#..
..............###...#'#####+#.>..
#####'#########.@)..#..##...####)
..........#..#...#..##......'.
..........##o#...#.#####.####.
..........##.#####.#...'.#....
○).................#.#.#.+.#..
...............###'#...###....
..........######.......###....
..........# #.......#.#....
#######'### #..#..#.#.#.#..


You could see an orc warrior.

Vanquished Creatures
  Erica (D:8)
  A gargoyle (D:8)
  Grinder (D:6)
  2 shadows (D:9)
  2 wyverns (D:8)
  A yak (D:9)
  An acid dragon (D:9)
  3 ice beasts
  2 black bears
  3 sky beasts (D:7)
  An ogre (D:4)
  A centaur (D:7)
  A kobold brigand (D:6)
  3 bullfrogs (D:6)
  A gnoll sergeant (D:9)
  2 scorpions (D:5)
  5 wights (D:7)
  A killer bee (D:9)
  8 howler monkeys
  A bombardier beetle (D:4)
  A hound (D:6)
  4 orc priests
  3 jellies
  A gnoll bouda (D:6)
  Jessica (D:3)
  Ijyb (D:4)
  4 iguanas
  8 orc wizards
  8 mummies (Ossuary)
  10 adders
  6 gnolls
  4 white imps
  2 ribbon worms
  A dart slug (D:5)
  25 orcs
  13 ball pythons
  2 endoplasms (D:2)
  4 giant cockroaches
  A gnoll zombie (Ossuary)
  4 hobgoblins
  7 kobolds
  5 quokkas
  3 bats
  6 frilled lizards
  7 goblins
  4 hobgoblin zombies (Ossuary)
  A kobold zombie (Ossuary)
  2 orc zombies (Ossuary)
  8 rats
187 creatures vanquished.

Vanquished Creatures (collateral kills)
  3 boulders
3 creatures vanquished.

Vanquished Creatures (others)
  An arcanist (D:3)
  A boulder (D:4)
2 creatures vanquished.

Grand Total: 192 creatures vanquished

Notes
Turn   | Place    | Note
-------+----------+-------------------------------------------
     0 | D:1      | anacleto the Deep Elf Earth Elementalist began the quest
                  | for the Orb.
     0 | D:1      | Reached XP level 1. HP: 10/10 MP: 6/6
   190 | D:1      | Reached XP level 2. HP: 15/15 MP: 6/8
   769 | D:2      | Identified the +2 ring mail "Otya" {rF+ rN+ Slay+5}
   921 | D:2      | Reached XP level 3. HP: 19/19 MP: 6/10
  1697 | D:3      | Reached XP level 4. HP: 24/24 MP: 8/11
  1704 | D:3      | Learned a level 3 spell: Stone Arrow
  1709 | D:3      | Learned a level 4 spell: Brom's Barrelling Boulder
  1818 | D:3      | Found a bloodstained altar of Trog.
  1819 | D:3      | Noticed a wizard
  1824 | D:3      | Killed a wizard
  1966 | D:3      | Noticed a black bear
  1972 | D:3      | Killed a black bear
  1973 | D:3      | Reached skill level 4 in Earth Magic
  1973 | D:3      | Reached XP level 5. HP: 28/28 MP: 3/12
  2223 | D:3      | Noticed Jessica
  2227 | D:3      | Killed Jessica
  2402 | D:3      | Found a faded altar of an unknown god.
  2479 | D:3      | Reached skill level 5 in Earth Magic
  2770 | D:3      | Found a runed translucent door.
  2771 | D:3      | Noticed Crazy Yiuf
  2815 | D:4      | Reached XP level 6. HP: 32/32 MP: 8/13
  3038 | D:4      | Found a sparkling altar of Nemelex Xobeh.
  3082 | D:4      | Found a snail-covered altar of Cheibriados.
  3082 | D:4      | Found an opulent altar of Gozag.
  3123 | D:4      | Reached skill level 5 in Conjurations
  3123 | D:4      | Reached skill level 6 in Earth Magic
  3339 | D:4      | Found a glowing silver altar of Zin.
  3340 | D:4      | Found a white marble altar of Elyvilon.
  3344 | D:4      | Noticed Ijyb
  3412 | D:4      | Found a glowing golden altar of the Shining One.
  3526 | D:4      | Reached XP level 7. HP: 36/36 MP: 9/14
  3612 | D:4      | Killed Ijyb
  3859 | D:4      | Learned a level 4 spell: Petrify
  3895 | D:5      | Entered Level 5 of the Dungeon
  4043 | D:5      | Reached skill level 1 in Fire Magic
  4043 | D:5      | Reached skill level 1 in Alchemy
  4393 | D:5      | Reached skill level 7 in Earth Magic
  4502 | D:5      | Found a transporter.
  4504 | D:5      | Noticed a yak
  4509 | D:5      | Noticed Splishie's ghost (amateur DrSh)
  4517 | D:5      | Found a transporter.
  4543 | D:5      | Identified 3 scrolls of acquirement
  4554 | D:5      | Acquired the ring of Fihaheder {Str+4 Int+6}
  4657 | D:5      | Acquired the ring of Ryischih {Fire +Blink rPois Will+
                  | Str+4}
  4661 | D:5      | Acquired a staff of conjuration
  4718 | D:5      | Reached XP level 8. HP: 41/41 MP: 12/15
  4911 | D:6      | Noticed Grinder
  4977 | D:6      | Reached skill level 1 in Evocations
  5254 | D:6      | Found a sand-covered staircase.
  5290 | Ossuary  | Entered an ossuary
  6080 | D:6      | Found Wegooram's Book Emporium.
  6422 | D:6      | Killed Grinder
  6585 | D:7      | Found a stormy altar of Qazlal.
  6592 | D:7      | Reached XP level 9. HP: 45/45 MP: 11/16
  6678 | D:7      | Found a transporter.
  6681 | D:7      | Noticed Juicyj's ghost (novice MiFi)
  6697 | D:7      | Found a transporter.
  6748 | D:7      | Reached skill level 8 in Earth Magic
  7073 | D:7      | Found a staircase to the Ecumenical Temple.
  7122 | Temple   | Entered the Ecumenical Temple
  7141 | Temple   | Became a worshipper of Vehumet
  7245 | D:7      | Reached skill level 5 in Fire Magic
  7249 | D:7      | Reached skill level 5 in Alchemy
  7814 | D:8      | Noticed a gargoyle
  7818 | D:8      | Killed a gargoyle
  7858 | D:8      | Reached skill level 5 in Evocations
  7926 | D:8      | Noticed Erica
  7936 | D:8      | Killed Erica
  7937 | D:8      | Reached skill level 9 in Earth Magic
  7937 | D:8      | Reached XP level 10. HP: 50/50 MP: 9/17
  8106 | D:8      | Found an iron altar of Okawaru.
  9634 | D:9      | HP: 2/50 [orc warrior/+0 halberd (5)]
  9638 | D:9      | Demolished by an orc warrior

Illustrated notes

Levels and vault maps discovered:
D:1:      dpeg_arrival_windows_large_door, layout_basic, chequers_mini_garden
D:2:      layout_loops_ring, minmay_small_reverse_x
D:3:      layout_loops_ring, trog_wizard, hellmonk_ecumenical_altar_blasted,
          grunt_ministairs_9, lemuel_flame_loot_1, uniq_jessica,
          uniq_crazy_yiuf_cottage
D:4:      layout_gridville, dreamdust_divine_triumvirate, kennysheep_mini_moat,
          mainiacjoe_overflow_large_starburst,
          minmay_a_box_with_orc_wizards_in_it, uniq_ijyb
D:5:      layout_rooms, gammafunk_ghost_arena
D:6:      layout_basic, serial_shops, nicolae_shop_behind_doors,
          nicolae_ossuary_entry_false_entrances, uniq_grinder
D:7:      layout_loops_ring, nicolae_qazlal_beasts_of_the_sky, temple_fountains,
          gammafunk_ghost_stat_death, minivault_24
D:8:      layout_loops_ring, mainiacjoe_overflow_six_doors_small, uniq_erica
D:9:      layout_stronghold, overflow_temple_1_default, serial_glass,
          glass_columns_b, glass_columns_a
Temple:   pf_slime_end_temple

Skill      XL: |  1  2  3  4  5  6  7  8  9 10 |
---------------+-------------------------------+-----
Stealth        | 3 |  3.2
Dodging        | 3 |  3.1
Conjurations   | 2 3 4 5 6 7 8 |  8.6
Earth Magic    | 4 5 6 7 9 |  9.3
Fire Magic     | 2 4 6 |  6.3
Alchemy        | 2 4 5 6 |  6.2
Evocations     | 3 5 |  5.7
Spellcasting   | |  3.8

Action                     |  1- 3 |  4- 6 |  7- 9 | 10-12 || total
---------------------------+-------+-------+-------+-------++-------
  Melee: Unarmed           |     1 |       |       |       ||     1
         Staff             |       |     7 |     4 |     1 ||    12
   Cast: Sandblast         |    56 |    66 |   135 |    17 ||   274
         Stone Arrow       |       |     3 |    26 |     5 ||    34
         Brom's Barrelling |       |     1 |     5 |     4 ||    10
         Petrify           |       |       |     1 |     1 ||     2
Ability: Evoke Blink       |       |       |       |     2 ||     2
    Use: Scroll            |       |       |     9 |     1 ||    10
         Potion            |       |       |       |     1 ||     1
 Armour: Robe              |    10 |    14 |    43 |    25 ||    92
         Skin              |       |       |     2 |       ||     2
  Dodge: Dodged            |    19 |    18 |    31 |    20 ||    88

Table legend: (Time is in decaauts)
 A = Elapsed time spent in this place.
 B = Non-inter-level travel time spent in this place.
 C = Inter-level travel time spent in this place.
 D = Time resting spent in this place.
 E = Time spent auto-exploring this place.
 F = Levels seen in this place.
 G = Mean time per level.
                   A        B        C        D        E       F      G
               +--------+--------+--------+--------+--------+-----+--------+
         Total |   9774 |   9540 |    234 |   1682 |   5592 |  11 |  888.5 |
       Dungeon |   9307 |   9090 |    217 |   1529 |   5490 |   9 | 1034.1 |
        Temple |     36 |     19 |     17 |      0 |      0 |   1 |   36.0 |
       Ossuary |    430 |    430 |      0 |    153 |    102 |   1 |  430.0 |
               +--------+--------+--------+--------+--------+-----+--------+

Top non-repeatable levels by time:
     D:6: 1276 daAuts
     D:3: 1197 daAuts
     D:9: 1140 daAuts
     D:4: 1107 daAuts
     D:8: 1053 daAuts
     D:5: 1025 daAuts
     D:2: 890 daAuts
     D:7: 850 daAuts
     D:1: 765 daAuts
 Ossuary: 430 daAuts
  Temple: 36 daAuts
